 Dungeon Crawl Stone Soup version 0.31.0-11-ge490571c62 (webtiles) character file.

Game seed: 14228570799277646292

370 Gadfly the Insei (level 6, 0/47 HPs)
             Began as a Demonspawn Monk on Feb 3, 2024.
             Slain by an ufetubus (3 damage)
             ... on level 4 of the Dungeon.
             The game lasted 00:04:15 (2576 turns).

Gadfly the Insei (Demonspawn Monk)                  Turns: 2576, Time: 00:04:16

Health: 0/47       AC:  3    Str: 14    XL:     6   Next: 42%
Magic:  6/6        EV: 13    Int: 10    God:
Gold:   50         SH:  0    Dex: 15    Spells: 3/5 levels left

rFire   . . .        b - +1 whip (elec)
rCold   + . .        c - orb {light}
rNeg    . . .        a - +1 robe
rPois   .            (no helmet)
rElec   .            (no cloak)
rCorr   .            (no gloves)
SInv    .            (no boots)
Will    .....        (no amulet)
Stlth   +            (no ring)
HPRegen 0.27/turn    (no ring)
MPRegen 0.10/turn

%: no passive effects
@: glowing
A: claws 1, powered by pain 2, weakness stinger 1, hooves 1, cold resistance 1,
sense surroundings 1
a: no special abilities


You were on level 4 of the Dungeon.
You visited 1 branch of the dungeon, and saw 4 of its levels.

You collected 225 gold pieces.
You spent 175 gold pieces at shops.

Inventory:

Hand Weapons
 b - a +1 whip of electrocution (weapon)
 e - a +0 short sword of speed
 h - a +2 dagger of holy wrath
Armour
 a - a +1 robe (worn)
 c - an orb of light (worn)
Scrolls
 l - a scroll of fog
Potions
 d - 4 potions of curing
 f - a potion of cancellation {unknown}
 g - 3 potions of mutation
 i - a potion of might
 j - a potion of heal wounds
 k - a potion of ambrosia
 n - a potion of attraction


   Skills:
 - Level 3.0 Fighting
 + Level 3.5 Dodging
 * Level 4.2 Unarmed Combat
 * Level 3.2 Evocations
 * Level 2.6 Shapeshifting


You had 3 spell levels left.
You knew the following spells:

 Your Spells              Type           Power      Damage    Failure   Level
a - Blink                 Tloc           0%         N/A       50%         2

Your spell library contained the following spells:

 Spells                   Type           Power      Damage    Failure   Level
 Magic Dart               Conj           0%         1d3       36%         1
 Call Imp                 Summ           0%         N/A       50%         2


Dungeon Overview and Level Annotations

Branches:
Dungeon (4/15)
 Temple: D:4-7

Altars:
Nemelex Xobeh

Shops:
D:3 *[*!


Innate Abilities, Weirdness & Mutations

You have sharp fingernails.
You sometimes gain power by taking damage.
You have a small tail.
You have large cloven feet.
Your flesh is cold resistant. (rC+)
You passively map a small area around you.


Message History

The ufetubus hits you.
* * * LOW HITPOINT WARNING * * *
The ufetubus closely misses you.
The ufetubus hits you but does no damage. x2
The kobold misses you. The ufetubus slips past you!
The ufetubus barely misses you. The ufetubus closely misses you. x2
The ufetubus barely misses you.
You hear the rusting of a drain very nearby.
The ufetubus attacks as it pursues you! The ufetubus completely misses you.
The ufetubus closely misses you. The ufetubus barely misses you. x2
The kobold attacks as it pursues you! The kobold completely misses you.
You barely miss the ufetubus.
The ufetubus is almost dead.
The ufetubus hits you but does no damage. x2
The ufetubus barely misses you. The ufetubus closely misses you.
The kobold barely misses you. The ufetubus closely misses you.
The ufetubus hits you.
* * * LOW HITPOINT WARNING * * *
The ufetubus completely misses you. The ufetubus barely misses you.
You hit the ufetubus. Lightning courses through the ufetubus!
You kill the ufetubus!
The ufetubus misses you. The ufetubus barely misses you. The kobold misses you.
You hit the kobold.
You kill the kobold!
The ufetubus hits you.
* * * LOW HITPOINT WARNING * * *
The ufetubus barely misses you.
The ufetubus hits you but does no damage.
The ufetubus barely misses you.
You hit the ufetubus.
The ufetubus is lightly wounded.
The ufetubus hits you.
* * * LOW HITPOINT WARNING * * *
The ufetubus barely misses you. The ufetubus closely misses you. x2
You whack the ufetubus!
The ufetubus is almost dead.
The ufetubus hits you.
* * * LOW HITPOINT WARNING * * *
The ufetubus hits you.
You die...

, , , , , #.. .......... , ,
,, #..# #.......... , ,
##...##.......... , ,
......#..........# *, ,
................. ,
,...............# , , ##$..
.. ,##..).......... ,
....##.# ,#..@...........
####.#....####...5..........
#.#..#.......#..............
#....#..#...................
........#...................
#......#............#......
, #..................#.....#
,,
*#.#.......#..........[#.. ,
.####.......#........#### .


You could see an ufetubus.

Vanquished Creatures
  2 scorpions (D:4)
  A bombardier beetle (D:3)
  2 orc wizards
  6 adders
  An ufetubus (D:4)
  2 dart slugs (D:1)
  8 orcs
  2 ball pythons
  5 endoplasms
  4 giant cockroaches
  6 goblins
  9 hobgoblins
  15 jackals
  8 kobolds
  4 quokkas
  5 bats
  6 frilled lizards
  6 rats
92 creatures vanquished.

Notes
Turn   | Place    | Note
-------+----------+-------------------------------------------
     0 | D:1      | Gadfly the Demonspawn Monk began the quest for the Orb.
     0 | D:1      | Reached XP level 1. HP: 18/18 MP: 1/1
   292 | D:1      | Discovered your monstrous ancestry.
   292 | D:1      | Gained mutation: You have a small tail. [demonic ancestry]
   292 | D:1      | Reached XP level 2. HP: 24/24 MP: 2/2
   449 | D:1      | Reached skill level 1 in Evocations
   453 | D:1      | Reached skill level 3 in Unarmed Combat
   552 | D:1      | Reached skill level 1 in Shapeshifting
   571 | D:1      | Gained mutation: You sometimes gain a little power by
                  | taking damage. [demonic ancestry]
   571 | D:1      | Reached XP level 3. HP: 16/29 MP: 3/3
   891 | D:1      | Gained mutation: Your flesh is cold resistant. (rC+)
                  | [potion of mutation]
   891 | D:1      | Gained mutation: You have large cloven feet. [potion of
                  | mutation]
   891 | D:1      | Gained mutation: You passively map a small area around you.
                  | [potion of mutation]
   983 | D:2      | Gained mutation: You sometimes gain power by taking damage.
                  | [demonic ancestry]
   983 | D:2      | Reached XP level 4. HP: 35/35 MP: 4/4
  1424 | D:2      | Found a faded altar of an unknown god.
  1479 | D:2      | Learned a level 2 spell: Blink
  1627 | D:3      | Found Zuar's Distillery.
  1636 | D:3      | Bought a potion of might for 52 gold pieces
  1636 | D:3      | Bought a potion of heal wounds for 65 gold pieces
  1688 | D:3      | Identified the +5 sling "Giantslayer" {drain, ^Drain rPois
                  | Will+ Int+6}
  1714 | D:3      | Found Hozeapnua's Antique Armour Shop.
  1730 | D:3      | Found Pugoh's Assorted Antiques.
  1740 | D:3      | Bought a scroll labelled QOASESITWUD for 31 gold pieces
  1754 | D:3      | Found a faded altar of an unknown god.
  1757 | D:3      | Found a sparkling altar of Nemelex Xobeh.
  1786 | D:3      | Bought a viscous amethyst potion for 27 gold pieces
  2099 | D:3      | Gained mutation: You have sharp fingernails. [demonic
                  | ancestry]
  2099 | D:3      | Reached XP level 5. HP: 41/41 MP: 5/5
  2237 | D:3      | Found Niusoum's General Store.
  2274 | D:4      | Reached skill level 4 in Unarmed Combat
  2274 | D:4      | Reached XP level 6. HP: 47/47 MP: 6/6
  2576 | D:4      | Slain by an ufetubus

Illustrated notes

Levels and vault maps discovered:
D:1:      nagdon_arrival_double_spiral, layout_basic, serial_bayou,
          serial_bayou_crossing, serial_bayou_lagoon_a, serial_bayou_pond_e,
          serial_bayou_shore_a
D:2:      cheibrodos_greedy_goblins, layout_rooms,
          shapermc_ecumenical_altar_totnotflames
D:3:      layout_basic, nicolae_overflow_ecumenical_swirl, serial_shops,
          nicolae_shop_stone, shop, nicolae_shop_peninsula, shop,
          kennysheep_big_empty_room
D:4:      layout_cave_pools, portal_sewer_entry_a, minmay_increasing_density

Skill      XL: |  1  2  3  4  5  6 |
---------------+-------------------+-----
Evocations     | 1 2 3 |  3.2
Unarmed Combat | 3 4 |  4.2
Shapeshifting  | 1 2 |  2.6
Dodging        | 3 |  3.5
Fighting       | |  3.0

Action                     |  1- 3 |  4- 6 || total
---------------------------+-------+-------++-------
  Melee: Unarmed           |   118 |    41 ||   159
         Tailslap          |    11 |    10 ||    21
         Kick              |     6 |    26 ||    32
         Whip              |       |    52 ||    52
    Use: Scroll            |     2 |     6 ||     8
         Potion            |     1 |       ||     1
 Armour: Robe              |    54 |    71 ||   125
  Dodge: Dodged            |   103 |   111 ||   214
